Map: Dusk Towers

Players

Lukey - Winner!

  • Race: Terran Terran
  • League: Platinum

LilDicky

  • Race: Terran Terran
  • League: Diamond

VOD

http://www.twitch.tv/tumescentpie

Description

Time

  • Played on: Nov. 27, 2015, 9:46 p.m.
  • Length: 2:29
Show
View Real Time Build Order
Export as new Build Order

Lukey Terran - Winner!

Build Orders:  

Get SALT Encoding   

  12  0:00  SCV  
  13  0:13  SCV  
  14  0:19  Supply Depot  
  14  0:35  SCV  
  15  0:47  Barracks  
  15  0:53  Barracks  
  15  0:58  SCV  
  16  1:10  SCV  
  17  1:16  Supply Depot  
  17  1:23  SCV  
  18  1:35  Marine  
  18  1:38  Barracks  
  18  1:39  Orbital Command  
  19  1:42  Marine  
  20  1:52  Marine  
  21  1:57  Refinery  
  21  2:00  Marine  
  22  2:04  SCV  
  23  2:10  Marine  
Show
View Real Time Build Order
Export as new Build Order

LilDicky Terran 

Build Orders:  

Get SALT Encoding   

  12  0:01  SCV  
  13  0:13  SCV  
  14  0:18  Supply Depot  
  14  0:26  SCV  
  15  0:30  Refinery  
  15  0:40  SCV  
  16  0:45  Barracks  
  16  0:52  SCV  
  17  1:04  SCV  
  18  1:16  SCV  
  19  1:28  SCV  
  20  1:38  Marine  
  20  1:39  Supply Depot  
  21  1:41  Orbital Command  
  21  1:51  Factory  
  21  1:53  Refinery  
  22  2:07  SCV  
  23  2:11  Bunker  
Tags
 
Add a new tag
Caveats
  • Supply blocks, unpowered buildings, or Contaminate may cause inaccurate times.
  • Supply counts are checked every 10 seconds.